 Dungeon Crawl Stone Soup version 0.29.1-12-g30fa7ad0bf (webtiles) character file.

Game seed: 15320100338876883942

931 FexLirch the Destroyer (level 8, 0/41 HPs)
             Began as an Octopode Conjurer on Dec 16, 2022.
             Slain by Dowan
             ... wielding a +2 dagger of flaming
              (1 damage)
             ... on level 4 of the Dungeon.
             The game lasted 00:11:31 (5118 turns).

FexLirch the Destroyer (Octopode Conjurer)          Turns: 5118, Time: 00:11:32

Health: 0/41       AC:  1    Str:  6    XL:     8   Next: 11%
Magic:  8/11       EV: 12    Int: 23    God:
Gold:   241        SH:  5    Dex: 10    Spells: 4/11 levels left

rFire   . . .      SeeInvis .   C - +0 short sword (venom)
rCold   . . .      Faith    .   o - +2 buckler
rNeg    . . .      Spirit   .   (helmet restricted)
rPois   .          Reflect  .   (no amulet)
rElec   .          Harm     .   (no ring)
rCorr   .          Rampage  .   (no ring)
Will    ++...                   (no ring)
Stlth   +++.......              (no ring)
HPRegen 0.13/turn               (no ring)
MPRegen 0.12/turn               (no ring)
                                (no ring)
                                (no ring)

@: no status effects
A: almost no armour, amphibious, 8 rings, camouflage 1, gelatinous body 1,
(nimble swimmer 1), tentacles, frail 1, strong-willed 2
a: no special abilities


You were on level 4 of the Dungeon.
You visited 1 branch of the dungeon, and saw 5 of its levels.

You collected 241 gold pieces.

Inventory:

Hand Weapons
 e - a +0 short sword
 u - a +0 trident of venom
 w - a +0 glaive of flaming
 C - a +0 short sword of venom (weapon)
Armour
 o - a +2 buckler (worn)
Magical Staves
 n - a staff of death
 q - a staff of conjuration
Jewellery
 f - an amulet of guardian spirit
 p - a ring of wizardry
Wands
 t - a wand of polymorph (13)
Scrolls
 b - 2 scrolls of noise {unknown}
 d - a scroll of amnesia {unknown}
 g - 2 scrolls of teleportation {unknown}
 h - 10 scrolls of identify {unknown}
 k - a scroll of poison {unknown}
 r - 2 scrolls of enchant weapon {unknown}
 s - a scroll of vulnerability {unknown}
 v - a scroll of brand weapon {unknown}
 y - a scroll of magic mapping {unknown}
 z - a scroll of enchant armour {unknown}
 B - a scroll of summoning {unknown}
Potions
 c - a potion of might {unknown}
 i - 2 potions of lignification {unknown}
 j - 2 potions of attraction {unknown}
 l - 2 potions of flight {unknown}
 m - 2 potions of curing {unknown}
 x - a potion of haste {unknown}
 A - a potion of mutation


   Skills:
 - Level 2.0 Dodging
 - Level 2.6 Stealth
 - Level 2.0 Spellcasting
 + Level 9.9 Conjurations


You had 4 spell levels left.
You knew the following spells:

 Your Spells              Type           Power      Damage    Failure   Level
a - Magic Dart            Conj           100%       1d8       1%          1
b - Searing Ray           Conj           96%        2d7       1%          2
c - Fulminant Prism       Conj/Hex       12%        3d9       22%         4

Your spell library contained the following spells:

 Spells                   Type           Power      Damage    Failure   Level
 Dazzling Flash           Conj/Hex       50%        N/A       7%          3
 Apportation              Tloc           4%         N/A       17%         1
 Iskenderun's Mystic Bla  Conj/Tloc      25%        2d7       22%         4
 Ensorcelled Hibernation  Hex/Ice        4%         N/A       26%         2
 Spider Form              Tmut/Pois      2%         N/A       45%         3
 Anguish                  Hex/Necr       1%         N/A       86%         4
 Alistair's Intoxication  Tmut/Pois      1%         N/A       99%         5


Dungeon Overview and Level Annotations

Branches:
Dungeon (5/15)
 Temple: D:4-7

Altars:
Fedhas
Uskayaw
Xom

Shops:
D:1 *   D:3 =

Annotations:
D:4 Dowan


Innate Abilities, Weirdness & Mutations

You cannot wear most types of armour.
You are amphibious.
You can wear up to eight rings at the same time.
Your skin changes colour to match your surroundings (Stealth+).
Your rubbery body absorbs attacks. (AC +1, EV +1)
((You are camouflaged when in or above water. (Stealth+)))
You have tentacles for arms and can constrict up to eight enemies at once.
You are frail. (-10% HP)
You are highly strong-willed. (Will++)


Message History

Things that are here:
a +0 short sword of venom; a +0 leather armour Your +0 short sword of venom begins to drip with poison!
C - a +0 short sword of venom (weapon)
You closely miss Dowan. Your grab misses Dowan.
Dowan hits you with a +2 dagger of flaming.
Dowan burns you.
Dowan hits you with a +2 dagger of flaming.
Dowan burns you.
Dowan hits you with a +2 dagger of flaming.
Dowan burns you.
It was a potion of mutation.
You feel extremely strange.
You feel strong-willed.
You feel frail.
You feel more strong-willed.
Dowan shakes with grief.
You block Dowan's attack. Magic courses through your body.
Dowan barely misses you.
Dowan hits you with a +2 dagger of flaming.
Dowan burns you.
Casting: Magic Dart (safe; 1% risk of failure)
Confirm with . or Enter, or press ? or * to list all spells.
Aiming: Searing Ray (safe; 1% risk of failure)
Press: ? - help, Shift-Dir - straight line, f - Dowan
Aim: Dowan, wielding a +2 dagger of flaming and wearing a +0 robe (fast, 76% to hit)
The searing ray hits Dowan.
Dowan is lightly wounded. (Press . to maintain the ray.) Dowan hits you with a +2 dagger of flaming.
* * * LOW HITPOINT WARNING * * *
Dowan burns you.
* * * LOW HITPOINT WARNING * * *
The searing ray hits Dowan!
Dowan is moderately wounded.
You block Dowan's attack. Dowan barely misses you.
Unknown command.
The searing ray hits Dowan.
Dowan is heavily wounded.
Dowan hits you with a +2 dagger of flaming!
* * * LOW HITPOINT WARNING * * *
Dowan burns you.
You die...

##..)..~~..≈..###..#.#
#.≈..~..~..~.#.#..#.#######
##...≈..~...##.............
##.~....~.###......#######
##########......#########
#......######.# ##.....
#......).....)###.....#
#.......#.#...#...#.#..
#.....@e...)#...#.....#
#####.#..#....#....#...
#.......#...#.....#
#...#.#.......#.#..
#........#.#.......
###############..#...#.....#...#.
#..................#....#....#...
##.############..#...#.....#...#.
#...........# ........#.#.......


You could see Dowan (fast).

Vanquished Creatures
  Grinder (D:4)
  Duvessa (D:4)
  A phantom (D:4)
  Blork the orc (D:4)
  2 scorpions (D:4)
  A hound (D:4)
  A jelly (D:4)
  An orc wizard (D:3)
  3 iguanas (D:4)
  Terence (D:3)
  Robin (D:4)
  8 adders
  A worm (D:3)
  8 orcs
  9 ball pythons
  12 endoplasms
  2 giant cockroaches (D:1)
  19 goblins
  5 hobgoblins
  6 jackals (D:4)
  7 kobolds
  4 quokkas
  4 bats
  2 frilled lizards
  6 rats
107 creatures vanquished.

Notes
Turn   | Place    | Note
-------+----------+-------------------------------------------
     0 | D:1      | FexLirch the Octopode Conjurer began the quest for the Orb.
     0 | D:1      | Reached XP level 1. HP: 11/11 MP: 3/3
   217 | D:1      | Reached XP level 2. HP: 17/17 MP: 1/5
   220 | D:1      | Learned a level 2 spell: Searing Ray
   358 | D:1      | Found Kitwoo's Assorted Antiques.
   552 | D:1      | Found a faded altar of an unknown god.
   773 | D:1      | Reached XP level 3. HP: 21/21 MP: 4/6
   846 | D:1      | Reached skill level 5 in Conjurations
  1702 | D:3      | Reached XP level 4. HP: 25/27 MP: 7/7
  1871 | D:3      | Found a hide-covered altar of Uskayaw.
  2013 | D:3      | Found a shimmering altar of Xom.
  2302 | D:3      | Reached skill level 6 in Conjurations
  2302 | D:3      | Reached XP level 5. HP: 26/31 MP: 0/8
  2709 | D:3      | Found Ollukkacw's One-of-a-Kind Rings.
  2800 | D:3      | Noticed Terence
  2805 | D:3      | Killed Terence
  2883 | D:3      | Found a blossoming altar of Fedhas.
  3236 | D:4      | Noticed Robin
  3247 | D:4      | Killed Robin
  3301 | D:4      | Noticed a phantom
  3306 | D:4      | Noticed Blork the orc
  3345 | D:4      | Killed Blork the orc
  3346 | D:4      | Reached skill level 7 in Conjurations
  3346 | D:4      | Reached XP level 6. HP: 32/36 MP: 1/9
  3736 | D:4      | Reached skill level 8 in Conjurations
  3820 | D:4      | Noticed Grinder
  3838 | D:4      | Killed Grinder
  3839 | D:4      | Reached XP level 7. HP: 25/41 MP: 2/10
  4011 | D:4      | Reached skill level 9 in Conjurations
  4239 | D:5      | Entered Level 5 of the Dungeon
  4606 | D:4      | Learned a level 4 spell: Fulminant Prism
  4772 | D:4      | Noticed Duvessa
  4926 | D:4      | Noticed Dowan
  5047 | D:4      | Reached XP level 8. HP: 46/46 MP: 4/11
  5109 | D:4      | Killed Duvessa
  5114 | D:4      | Gained mutation: You are strong-willed. (Will+) [potion of
                  | mutation]
  5114 | D:4      | Gained mutation: You are frail. (-10% HP) [potion of
                  | mutation]
  5114 | D:4      | Gained mutation: You are highly strong-willed. (Will++)
                  | [potion of mutation]
  5118 | D:4      | HP: 1/41 [Dowan/+2 dagger of flaming (7)]
  5118 | D:4      | Slain by Dowan

Illustrated notes

Levels and vault maps discovered:
D:1:      tarquinn_simple_flora_water_a, layout_basic,
          shapermc_ecumenical_altar_venn, serial_shops, shop
D:2:      layout_loops_ring
D:3:      layout_loops_ring, tgw_xom, general_overflow_altar,
          mainiacjoe_overflow_alcove_2, nicolae_shop_unique_rings,
          chequers_serial_rivers_small_a, uniq_terence
D:4:      minmay_angry_zag, layout_basic, kennysheep_cross_bottleneck,
          nicolae_kite_square_tiling_tiny, nzn_random_ring, uniq_grinder,
          uniq_duvessa, uniq_robin, uniq_blork_the_orc
D:5:      layout_rooms, lemuel_mausoleum_altar_kikubaaqudgha,
          nicolae_tso_carved_into_rock, minmay_temple_entry_drinking_statues

Skill      XL: |  1  2  3  4  5  6  7 |
---------------+----------------------+-----
Conjurations   | 5 6 7 8 9 |  9.9
Dodging        | |  2.0
Stealth        | |  2.6
Spellcasting   | |  2.0

Action                   |  1- 3 |  4- 6 |  7- 9 || total
-------------------------+-------+-------+-------++-------
Melee: Tentacles         |     5 |     9 |     2 ||    16
       Unarmed           |     3 |       |       ||     3
       Constrict         |     4 |     9 |     4 ||    17
       Short sword       |    15 |     5 |     1 ||    21
       Staff             |       |    26 |    22 ||    48
 Cast: Magic Dart        |    58 |    79 |    29 ||   166
       Searing Ray       |     1 |     8 |     6 ||    15
  Use: Potion            |       |       |     2 ||     2
 Stab: Sleeping          |     4 |     2 |     1 ||     7
       Distracted        |       |       |     1 ||     1
Armor: Skin              |     1 |     1 |     1 ||     3
Dodge: Dodged            |    10 |    17 |    16 ||    43
Block: Buckler           |       |     8 |     4 ||    12
